MLB
WASHINGTON NATIONALS @ CINCINNATI REDS
07/03/2039
 
TOP OF THE 1ST
Washington Nationals batting - Pitching for Cincinnati Reds : RHP Gus Martell
Pitching: RHP Gus Martell
Batting: RHB Misael Urbina 0-0: Ball
1-0: Ball
2-0: Foul Ball, location: 2F
2-1: Ball
3-1: SINGLE (Line Drive, 34D, EV 103.8 MPH)
Batting: LHB Erick Pena 0-0: Grounds into double play, 4-6-3 (Groundball, 4, EV 105.6 MPH)
Batting: RHB Quincy McAfee 0-0: Foul Ball, location: 5DF
0-1: Ground out 4-3 (Groundball, 4S, EV 82.5 MPH)
Top of the 1st over - 0 runs, 1 hit, 0 errors, 0 left on base; Washington 0 - Cincinnati 0
BOTTOM OF THE 1ST
Cincinnati Reds batting - Pitching for Washington Nationals : RHP Hugo Saucedo
Pitching: RHP Hugo Saucedo
Batting: RHB Jose Gonzalez 0-0: Swinging Strike
0-1: Called Strike
0-2: Strikes out swinging
Batting: LHB Kevin Rojas 0-0: Ball
1-0: Ball
2-0: Ball
3-0: Called Strike
3-1: Base on Balls
Batting: RHB Sean Rouse 0-0: Called Strike
Kevin Rojas steals 2nd base
0-1: Foul Ball, location: 2F
0-2: Foul Ball, location: 9LDF
0-2: Ball
1-2: DOUBLE (Line Drive, 7LM, EV 93.1 MPH)
Kevin Rojas scores
Batting: RHB Nolan McLean 0-0: Swinging Strike
0-1: Ball
1-1: Foul Ball, location: 2F
1-2: Foul Ball, location: 9LDF
1-2: Ball
2-2: Ball
3-2: Foul Ball, location: 2F
3-2: Base on Balls
Batting: LHB Jose Sanchez 0-0: Foul Ball, location: 5FF
0-1: Foul Ball, location: 2F
0-2: Ball
1-2: Foul Ball, location: 2F
1-2: Ball
2-2: Foul Ball, location: 2F
2-2: Strikes out swinging
Batting: RHB Yu-zhang Ku 0-0: Called Strike
0-1: Ball
1-1: Ball
2-1: Ball
3-1: Called Strike
3-2: Fly out, F7 (Flyball, 78M, EV 92.5 MPH)
Bottom of the 1st over - 1 run, 1 hit, 0 errors, 2 left on base; Washington 0 - Cincinnati 1
TOP OF THE 2ND
Washington Nationals batting - Pitching for Cincinnati Reds : RHP Gus Martell
Batting: LHB Ralph Plante 0-0: Called Strike
0-1: Ball
1-1: Foul Ball, location: 7LMF
1-2: Foul Ball, location: 3F
1-2: SINGLE (Groundball, 34D, EV 107.5 MPH)
Batting: LHB Eric Burke 0-0: Foul Ball, location: 7LSF
0-1: Ball
1-1: Ball
2-1: Ball
Wild Pitch!
Ralph Plante to second
3-1: Base on Balls
Batting: LHB Mike Van Note 0-0: Called Strike
0-1: Fly out, F8 (Flyball, 8LM, EV 91.9 MPH)
Batting: RHB Sean Artis 0-0: Ball
1-0: Fly out, F8 (Flyball, 8LD, EV 102.5 MPH)
Batting: RHB Tony Najar 0-0: Called Strike
0-1: Ball
1-1: Fly out, F3 (Popup, 3D, EV 64.4 MPH)
Top of the 2nd over - 0 runs, 1 hit, 0 errors, 2 left on base; Washington 0 - Cincinnati 1
BOTTOM OF THE 2ND
Cincinnati Reds batting - Pitching for Washington Nationals : RHP Hugo Saucedo
Batting: RHB Dave Holman 0-0: Ball
1-0: Called Strike
1-1: Called Strike
1-2: SOLO HOME RUN (Flyball, 7D, EV 97.5 MPH), Distance : 378 ft
Batting: RHB Pat Ormonde 0-0: Called Strike
0-1: Fly out, F8 (Flyball, 8LD, EV 101.3 MPH)
Batting: RHB Pat Brown 0-0: Called Strike
0-1: Ball
1-1: Foul Ball, location: 7LMF
1-2: Fly out, F7 (Flyball, 7D, EV 98.8 MPH)
Batting: RHB Jose Gonzalez 0-0: Ball
1-0: Called Strike
1-1: Ball
2-1: Ground out 5-3 (Groundball, 56S, EV 80.6 MPH)
Bottom of the 2nd over - 1 run, 1 hit, 0 errors, 0 left on base; Washington 0 - Cincinnati 2
TOP OF THE 3RD
Washington Nationals batting - Pitching for Cincinnati Reds : RHP Gus Martell
Batting: RHB Alex Prado 0-0: Called Strike
0-1: DOUBLE (Line Drive, 9LM, EV 93.8 MPH)
Batting: RHB Misael Urbina 0-0: Called Strike
0-1: Ball
1-1: Called Strike
1-2: Ground out 3-1 (Groundball, 34, EV 80.0 MPH)
Alex Prado to third
Batting: LHB Erick Pena 0-0: Called Strike
0-1: Ball
1-1: Foul Ball, location: 7LSF
1-2: Ball
2-2: Ball
3-2: 2-RUN HOME RUN (Flyball, 7D, EV 100.0 MPH), Distance : 382 ft
Batting: RHB Quincy McAfee 0-0: Ball
1-0: Ball
2-0: Called Strike
2-1: SINGLE (Line Drive, 78S, EV 94.4 MPH)
Batting: LHB Ralph Plante 0-0: Called Strike
0-1: Ball
1-1: Ball
2-1: Foul Ball, location: 2F
2-2: Fly out, F7 (Flyball, 7, EV 96.3 MPH)
Batting: LHB Eric Burke 0-0: Called Strike
0-1: Swinging Strike
0-2: Ball
1-2: Strikes out swinging
Top of the 3rd over - 2 runs, 3 hits, 0 errors, 1 left on base; Washington 2 - Cincinnati 2
BOTTOM OF THE 3RD
Cincinnati Reds batting - Pitching for Washington Nationals : RHP Hugo Saucedo
Batting: LHB Kevin Rojas 0-0: Ball
1-0: Hit by Pitch
Batting: RHB Sean Rouse 0-0: Called Strike
0-1: Called Strike
0-2: Fly out, F3 (Line Drive, 3, EV 66.3 MPH)
Lined into DP, U3 (Line Drive, 3, EV 66.3 MPH)
Batting: RHB Nolan McLean 0-0: Called Strike
0-1: Ball
1-1: Called Strike
1-2: Ball
2-2: Ball
3-2: Strikes out looking
Bottom of the 3rd over - 0 runs, 0 hits, 0 errors, 0 left on base; Washington 2 - Cincinnati 2
TOP OF THE 4TH
Washington Nationals batting - Pitching for Cincinnati Reds : RHP Gus Martell
Batting: LHB Mike Van Note 0-0: Ball
1-0: Foul Ball, location: 2F
1-1: Ground out 5-3 (Groundball, 6, EV 103.1 MPH)
Batting: RHB Sean Artis 0-0: Ball
1-0: Foul Ball, location: 9LDF
1-1: Swinging Strike
1-2: Strikes out swinging
Batting: RHB Tony Najar 0-0: Called Strike
0-1: Called Strike
0-2: Ball
1-2: Ball
2-2: Ball
3-2: Strikes out swinging
Top of the 4th over - 0 runs, 0 hits, 0 errors, 0 left on base; Washington 2 - Cincinnati 2
BOTTOM OF THE 4TH
Cincinnati Reds batting - Pitching for Washington Nationals : RHP Hugo Saucedo
Batting: LHB Jose Sanchez 0-0: Ball
1-0: Ball
2-0: Foul Ball, location: 7LSF
2-1: DOUBLE (Line Drive, 89M, EV 100.0 MPH)
Batting: RHB Yu-zhang Ku 0-0: Foul Ball, location: 9LMF
0-1: Ball
1-1: SINGLE (Groundball, 34D, EV 104.4 MPH)
Jose Sanchez to third
Throwing error, E9
Jose Sanchez scores
Yu-zhang Ku to second
Batting: RHB Dave Holman 0-0: Swinging Strike
0-1: Ball
1-1: Foul Ball, location: 25F
1-2: Ball
2-2: Foul Ball, location: 3SF
2-2: Ball
3-2: Foul Ball, location: 2F
3-2: Foul Ball, location: 9LDF
3-2: Base on Balls
Batting: RHB Pat Ormonde 0-0: Ball
1-0: Fly out, F8 (Flyball, 8RD, EV 101.3 MPH)
Batting: RHB Pat Brown 0-0: Ball
1-0: Ball
2-0: Ball
3-0: Called Strike
3-1: SINGLE (Groundball, 13, EV 74.4 MPH) (infield hit)
Yu-zhang Ku to third
Dave Holman to second
Batting: RHB Jose Gonzalez 0-0: Foul Ball, location: 5F
0-1: Ball
1-1: Ball
2-1: SINGLE (Line Drive, 89S, EV 98.8 MPH)
Yu-zhang Ku scores
Dave Holman to third
Pat Brown to second
Batting: LHB Kevin Rojas 0-0: Ball
1-0: Ball
2-0: Called Strike
2-1: Fly out, F8 (Flyball, 8LXD, EV 106.9 MPH)
Runner from 3rd tags up, SCORES, no throw by CF
Pitching: RHP Mike Pflanzer
Batting: RHB Sean Rouse 0-0: Called Strike
0-1: Ball
1-1: Ball
2-1: Swinging Strike
2-2: Fly out, F8 (Line Drive, 8RD, EV 95.0 MPH)
Bottom of the 4th over - 3 runs, 4 hits, 1 error, 2 left on base; Washington 2 - Cincinnati 5
TOP OF THE 5TH
Washington Nationals batting - Pitching for Cincinnati Reds : RHP Gus Martell
Batting: RHB Alex Prado 0-0: Ball
1-0: Fly out, F7 (Flyball, 7, EV 93.8 MPH)
Batting: RHB Misael Urbina 0-0: Ball
1-0: Called Strike
1-1: Ball
2-1: Fly out, F8 (Flyball, 8RM, EV 94.4 MPH)
Batting: LHB Erick Pena 0-0: SINGLE (Groundball, 34D, EV 104.4 MPH)
Batting: RHB Quincy McAfee 0-0: Foul Ball, location: 3F
0-1: Ball
1-1: Ball
2-1: Fly out, F7 (Flyball, 78D, EV 87.5 MPH)
Top of the 5th over - 0 runs, 1 hit, 0 errors, 1 left on base; Washington 2 - Cincinnati 5
BOTTOM OF THE 5TH
Cincinnati Reds batting - Pitching for Washington Nationals : RHP Mike Pflanzer
Batting: RHB Nolan McLean 0-0: Ground out 4-3 (Groundball, 4M, EV 85.0 MPH)
Batting: LHB Jose Sanchez 0-0: Ball
1-0: Called Strike
1-1: Ball
2-1: Ball
3-1: Foul Ball, location: 5FF
3-2: Strikes out swinging, 2-3 out at first.
Batting: RHB Yu-zhang Ku 0-0: Called Strike
0-1: Ball
1-1: Called Strike
1-2: Strikes out swinging
Bottom of the 5th over - 0 runs, 0 hits, 0 errors, 0 left on base; Washington 2 - Cincinnati 5
TOP OF THE 6TH
Washington Nationals batting - Pitching for Cincinnati Reds : RHP Gus Martell
Pitching: LHP Josh White
Batting: LHB Ralph Plante 0-0: Called Strike
0-1: Foul Ball, location: 3F
0-2: Ball
1-2: Ball
2-2: Fly out, F7 (Flyball, 7, EV 86.9 MPH)
Pinch Hitting: SHB Israel Trevino 0-0: Ball
1-0: Ball
2-0: Ball
3-0: Called Strike
3-1: Called Strike
3-2: Fly out, F9 (Line Drive, 9S, EV 98.1 MPH)
Pinch Hitting: RHB Brad Wolfe 0-0: Called Strike
0-1: Ball
1-1: Foul Ball, location: 23FF
1-2: Strikes out looking
Top of the 6th over - 0 runs, 0 hits, 0 errors, 0 left on base; Washington 2 - Cincinnati 5
BOTTOM OF THE 6TH
Cincinnati Reds batting - Pitching for Washington Nationals : RHP Mike Pflanzer
Now at 3B: Israel Trevino
Now in RF: Brad Wolfe
Batting: RHB Dave Holman 0-0: Fly out, F9 (Flyball, 9S, EV 86.3 MPH)
Batting: RHB Pat Ormonde 0-0: Ball
1-0: Foul Ball, location: 9LMF
1-1: Ball
2-1: Fly out, F8 (Flyball, 8RM, EV 85.6 MPH)
Batting: RHB Pat Brown 0-0: Fly out, F9 (Flyball, 9, EV 80.6 MPH)
Bottom of the 6th over - 0 runs, 0 hits, 0 errors, 0 left on base; Washington 2 - Cincinnati 5
TOP OF THE 7TH
Washington Nationals batting - Pitching for Cincinnati Reds : LHP Josh White
Batting: RHB Sean Artis 0-0: Called Strike
0-1: Ground out U3 (Groundball, 3L, EV 83.8 MPH)
Batting: RHB Tony Najar 0-0: Foul Ball, location: 2F
0-1: Called Strike
0-2: SINGLE (Flyball, 78S, EV 96.3 MPH)
Batting: RHB Alex Prado 0-0: Ball
1-0: Swinging Strike
1-1: Foul Ball, location: 3DF
1-2: Ball
2-2: Strikes out looking
Batting: RHB Misael Urbina 0-0: Called Strike
0-1: Called Strike
0-2: Strikes out swinging
Top of the 7th over - 0 runs, 1 hit, 0 errors, 1 left on base; Washington 2 - Cincinnati 5
BOTTOM OF THE 7TH
Cincinnati Reds batting - Pitching for Washington Nationals : RHP Mike Pflanzer
Batting: RHB Jose Gonzalez 0-0: Ball
1-0: Ball
2-0: Swinging Strike
2-1: Swinging Strike
2-2: Strikes out looking
Batting: LHB Kevin Rojas 0-0: Ball
1-0: Foul Ball, location: 23FF
1-1: Ball
2-1: Ball
3-1: Swinging Strike
3-2: Fly out, F7 (Flyball, 7, EV 85.0 MPH)
Batting: RHB Sean Rouse 0-0: Foul Ball, location: 3F
0-1: Called Strike
0-2: Foul Ball, location: 2F
0-2: Ball
1-2: Ball
2-2: Foul Ball, location: 9LDF
2-2: Ball
3-2: Fly out, F9 (Line Drive, 9S, EV 90.0 MPH)
Bottom of the 7th over - 0 runs, 0 hits, 0 errors, 0 left on base; Washington 2 - Cincinnati 5
TOP OF THE 8TH
Washington Nationals batting - Pitching for Cincinnati Reds : LHP Josh White
Batting: LHB Erick Pena 0-0: Ball
1-0: Called Strike
1-1: Called Strike
1-2: Ball
2-2: Ball
3-2: DOUBLE (Flyball, 8RXD, EV 101.3 MPH)
Pitching: RHP Devon Hensley
Batting: RHB Quincy McAfee 0-0: Ground out 5-3 (Groundball, 56, EV 83.8 MPH)
Batting: LHB Ralph Plante 0-0: Ball
1-0: Fly out, F8 (Flyball, 8LM, EV 91.3 MPH)
Batting: SHB Israel Trevino 0-0: Called Strike
0-1: Ball
1-1: Ball
2-1: Ground out 4-3 (Groundball, 34, EV 86.9 MPH)
Top of the 8th over - 0 runs, 1 hit, 0 errors, 1 left on base; Washington 2 - Cincinnati 5
BOTTOM OF THE 8TH
Cincinnati Reds batting - Pitching for Washington Nationals : RHP Mike Pflanzer
Pitching: RHP Jon Pineda
Batting: RHB Nolan McLean 0-0: Ball
1-0: Swinging Strike
1-1: Foul Ball, location: 2F
1-2: Ball
2-2: Strikes out looking
Batting: LHB Jose Sanchez 0-0: Called Strike
0-1: Swinging Strike
0-2: Strikes out looking
Batting: RHB Yu-zhang Ku 0-0: Ball
1-0: DOUBLE (Line Drive, 3D, EV 95.6 MPH)
Batting: RHB Dave Holman 0-0: Intentional Walk
Batting: RHB Pat Ormonde 0-0: Ball
1-0: Ground out 4-3 (Groundball, 4, EV 93.8 MPH)
Bottom of the 8th over - 0 runs, 1 hit, 0 errors, 2 left on base; Washington 2 - Cincinnati 5
TOP OF THE 9TH
Washington Nationals batting - Pitching for Cincinnati Reds : RHP Devon Hensley
Pitching: RHP Mike Popp
Batting: RHB Brad Wolfe 0-0: SINGLE (Groundball, 6, EV 98.8 MPH) (infield hit)
Batting: RHB Sean Artis 0-0: Ball
1-0: Grounds into double play, 5-4-3 (Groundball, 5, EV 84.4 MPH)
Pinch Hitting: RHB Wilburt Goldman 0-0: Foul Ball, location: 3FF
0-1: Swinging Strike
0-2: Hit by Pitch
Batting: RHB Alex Prado 0-0: Foul Ball, location: 2F
0-1: Called Strike
0-2: Ball
1-2: Ball
2-2: Ball
3-2: Foul Ball, location: 5DF
3-2: Strikes out swinging
Top of the 9th over - 0 runs, 1 hit, 0 errors, 1 left on base; Washington 2 - Cincinnati 5
Saturday, April 6th , 2024 - OOTP Baseball 24.10 Build 82